 Dungeon Crawl Stone Soup version 0.16.1-4-g8e1b745 (console) character file.

20 gw the Charlatan (level 2, 0/16 HPs)
             Began as a Deep Elf Artificer on Mar 28, 2015.
             Succumbed to an adder's poison
             ... on level 2 of the Dungeon.
             The game lasted 00:00:37 (490 turns).

gw the Charlatan (Deep Elf Artificer)                Turns: 490, Time: 00:00:37

Health: 0/16       AC:  3    Str:  8    XL:     2   Next: 58%
Magic:  5/5        EV: 12    Int: 16    God:
Gold:   0          SH:  0    Dex: 15    Spells: 0 memorised, 1 level left

rFire  . . .     SeeInvis .     a - +0 short sword
rCold  . . .     Clarity  .     e - +0 leather armour
rNeg   . . .     SustAb   .     (no shield)
rPois  .         Gourm    .     (no helmet)
rElec  .         Spirit   .     (no cloak)
rCorr  .         Warding  .     (no gloves)
rMut   .         Stasis   .     (no boots)
MR     .....                    (no amulet)
Stlth  ++........               (no ring)
                                (no ring)

@: lethally poisoned (0 -> -5), not resistant to hostile enchantments,
unstealthy
A: no striking features
a: no special abilities


You were on level 2 of the Dungeon.
You were not hungry.

You visited 1 branch of the dungeon, and saw 2 of its levels.

Inventory:

Hand weapons
 a - a +0 short sword (weapon)
Armour
 e - a +0 leather armour (worn)
Magical devices
 b - a wand of flame (10)
 c - a wand of enslavement (15)
 d - a wand of random effects (10)
Scrolls
 g - a scroll of amnesia {unknown}
Comestibles
 f - a bread ration


   Skills:
 + Level 1.3 Fighting
 * Level 1.9 Short Blades
 + Level 2.8 Dodging
 - Level 1.2 Stealth
 - Level 3.2 Evocations


You had one spell level left.
You didn't know any spells.

Dungeon Overview and Level Annotations

Branches:
Dungeon (2/15)

Altars:


Message History

The magic dart hits the worm.
The worm is almost dead.
This wand has 10 charges left.
Unknown command.
Unknown command.
Unknown command.
Unknown command.
Attempting RANGED ATTACK TO (0,-3); ATTACKING (0,-1)
You swing at nothing.
You feel sick.
Unknown command.
Unknown command.
Unknown command.
Unknown command.
FLEEEEING!
MOVING TO (-3,0) Unknown command.
Unknown command.
Unknown command.
MOVING TO (-2,0)
You die...

....# ###### .......#
#.....# ........##
#....... ..........
...>..#
.........####.....###
.......... .........
#.^..w# #%........
###.....####$........
#....e.....[.........
#.#.####.#...##.....
# #...### .... #
#..## ....
.....##.%#### ...#
#....)(..## ##.#.#
##..####..##..<..#
..... ##.........
##.... ##........


You could see a worm.

Table legend:
 A = Turns spent in this place as a percentage of turns spent in the entire game.
 B = Non-inter-level travel turns spent in this place as a percentage of non-inter-level travel turns spent in the entire game.
 C = Inter-level travel turns spent in this place as a percentage of turns spent in this place.
 D = Turns resting spent in this place as a percentage of non-inter-level travel turns spent in this place.
 E = Turns spent auto-exploring this place as a percentage of non-inter-level travel turns spent in this place.
 F = Non-inter-level travel turns spent in this place divided by the number of levels of this place that you've seen.
                   A       B       C       D       E      F
               +-------+-------+-------+-------+-------+----------------------
         Total | 100.0 | 100.0 |   1.9 |   1.4 |   1.7 | 415.5
       Dungeon | 100.0 | 100.0 |   1.9 |   1.4 |   1.7 | 415.5
               +-------+-------+-------+-------+-------+----------------------

Table legend:
 A = Kills in this place as a percentage of kills in entire the game.
 B = Kills by you in this place as a percentage of kills by you in the entire game.
 C = Kills by friends in this place as a percentage of kills by friends in the entire game.
 D = Other kills in this place as a percentage of other kills in the entire game.
 E = Experience gained in this place as a percentage of experience gained in the entire game.
 F = Experience gained in this place divided by the number of levels of this place that you have seen.
                   A       B       C       D       E      F
               +-------+-------+-------+-------+-------+----------------------
         Total | 100.0 | 100.0 |  -nan |  -nan | 100.0 |  14.5
       Dungeon | 100.0 | 100.0 |  -nan |  -nan | 100.0 |  14.5
               +-------+-------+-------+-------+-------+----------------------

Vanquished Creatures
  An adder (D:2)
  A giant gecko (D:2)
  3 bats (D:1)
  2 hobgoblins (D:1)
  A quokka (D:2)
  A kobold (D:2)
  A rat (D:2)
10 creatures vanquished.

Notes
Turn   | Place    | Note
--------------------------------------------------------------
     0 | D:1      | gw, the Deep Elf Artificer, began the quest for the Orb.
     0 | D:1      | Reached XP level 1. HP: 11/11 MP: 2/2
    86 | D:1      | Reached skill level 1 in Fighting
   327 | D:2      | Reached XP level 2. HP: 12/16 MP: 5/5
   490 | D:2      | Succumbed to an adder's poison

Action                   || total
-------------------------++-------
Melee: Short sword       ||    48
Evoke: Wand              ||    10

Vault maps used:
D:1:      lightli_arrival_statue_moat, hangedman_glass_teeth, kennysheep_boxes
D:2:      minitemple, grunt_temple_overflow_open,
          nicolae_gozag_cash_rules_everything_around_me
